Stars vs Kings
Created - April 8, 2018 at 19:48
Goals
|
| Stars |
0 |
1 |
0 |
0 |
2 |
2 |
| Kings |
0 |
0 |
1 |
0 |
0 |
1 |
|
Shots
|
| Stars |
7 |
13 |
9 |
1 |
2 |
30 |
| Kings |
9 |
2 |
10 |
0 |
2 |
21 |
|
1st period
No Goal
Penalties :
Andrei Markov (Dal) for Holding (Minor) at 1:49, John Tavares (Dal) for Hooking (Minor) at 9:07, Johnny Oduya (Dal) for Diving (Minor) at 12:53, Steve Montador (LAK) for Holding (Minor) at 17:51
2nd period
1. Stars , Matt Cooke 15 (Trevor Daley 16) at 6:23
Penalties :
Andrei Markov (Dal) for Roughing (Minor) at 2:57, Tyler Toffoli (LAK) for Slashing (Minor) at 10:54
3rd period
2. Kings , Drew Doughty 15 (Michael Frolik 47, Patric Hornqvist 44) at 3:01 (PP)
Penalties :
Johnny Oduya (Dal) for Slashing (Minor) at 2:15, Michael Grabner (Dal) for High sticking (Minor) at 5:50, Drew Fata (Dal) for Holding (Minor) at 12:57, Matt Cooke (Dal) for Holding (Minor) at 15:21
Overtime #1
No Goal
Penalties :
No Penalty
Shootout
Penalty Shot by John Tavares for Stars - Goal!
Penalty Shot by Anze Kopitar for Kings - Stopped by Pascal Leclaire
Penalty Shot by Michael Grabner for Stars - Goal!
Penalty Shot by Michael Frolik for Kings - Stopped by Pascal Leclaire
Penalties :
No Penalty
Goalie Stats
Pascal Leclaire (Dal), 20 saves from 21 shots - (0.952), W, 30-23-3, 65:00 minutes
Frederik Andersen (LAK), 29 saves from 30 shots - (0.967), OTL, 17-25-3, 65:00 minutes
Players Stats for Stars
Player Name G A P +/- PIM S H SB GA TA FO MP PP MP PK MP
------------------------------------------------------------------------------------
Andrei Markov 0 0 0 1 4 0 0 3 0 1 0/0 21:37 1:32 4:19
Boris Valabik 0 0 0 0 0 1 1 2 0 2 0/0 14:35 0:00 0:12
Brian Lee 0 0 0 0 0 3 1 3 2 1 0/0 28:41 2:26 8:47
Daniel Cleary 0 0 0 1 0 1 0 0 0 0 0/0 9:08 0:00 0:00
Drew Fata 0 0 0 0 2 2 2 5 0 0 0/0 21:57 0:00 7:18
Dustin Penner 0 0 0 0 0 1 3 0 0 0 0/0 14:43 0:33 5:45
Evgeny Artyukhin 0 0 0 0 0 0 0 1 1 0 0/0 15:22 1:39 1:46
Evgeny Grachev 0 0 0 0 0 2 2 2 1 0 2/5 10:43 0:00 4:36
Greg Campbell 0 0 0 0 0 3 0 0 0 1 9/21 20:08 0:00 8:05
Jamie Langenbrunner 0 0 0 0 0 0 0 1 0 0 0/0 6:07 0:00 0:00
John Tavares 0 0 0 0 2 3 1 1 2 0 11/24 17:34 2:10 0:05
Johnny Oduya 0 0 0 0 4 0 2 1 0 0 0/0 21:47 2:26 2:50
Jussi Jokinen 0 0 0 0 0 5 0 0 1 0 0/0 16:04 1:46 0:49
Matt Cooke 1 0 1 1 2 3 5 0 0 0 0/1 10:52 0:00 0:00
Michael Grabner 0 0 0 0 2 3 1 1 0 0 0/2 15:27 2:10 0:00
Scott Hartnell 0 0 0 0 0 2 2 0 0 0 1/3 25:12 1:48 8:05
Trevor Daley 0 1 1 1 0 0 0 1 0 0 1/1 23:52 1:32 5:52
Tyler Seguin 0 0 0 1 0 1 2 0 0 0 4/4 11:24 1:48 0:07
Players Stats for Kings
Player Name G A P +/- PIM S H SB GA TA FO MP PP MP PK MP
------------------------------------------------------------------------------------
Anze Kopitar 0 0 0 -1 0 1 4 0 0 1 17/28 24:58 8:14 0:58
Cam Janssen 0 0 0 0 0 0 1 0 0 0 0/0 7:52 0:01 0:00
Dave Tanabe 0 0 0 -1 0 3 0 1 0 1 0/0 22:44 5:50 0:18
Drew Doughty 1 0 1 0 0 4 0 1 1 0 0/0 26:33 8:49 1:54
Johnny Gaudreau 0 0 0 -1 0 3 2 0 1 0 1/1 24:35 8:11 0:58
Jon Merrill 0 0 0 -1 0 0 1 1 1 1 0/0 20:00 0:00 2:20
Michael Frolik 0 1 1 0 0 1 0 0 0 0 1/1 20:17 6:24 0:00
Michael Haley 0 0 0 0 0 0 0 0 0 0 0/0 7:39 0:00 0:55
Michal Handzus 0 0 0 0 0 2 0 0 0 0 0/2 8:33 0:00 0:55
Patric Hornqvist 0 1 1 -1 0 2 3 2 1 0 1/3 23:15 8:14 0:00
Patrick Eaves 0 0 0 0 0 1 0 0 0 0 0/0 8:04 0:00 0:00
Radko Gudas 0 0 0 0 0 0 2 0 0 2 0/0 16:01 0:00 1:53
Raphael Diaz 0 0 0 0 0 1 1 0 0 1 0/0 18:31 5:50 0:18
Rostislav Olesz 0 0 0 0 0 0 2 0 0 0 0/0 16:17 6:24 0:00
Scott Gomez 0 0 0 0 0 0 0 0 0 0 2/3 10:07 0:04 2:05
Simon Gagné 0 0 0 0 0 0 1 2 1 0 1/4 14:21 0:01 2:05
Steve Montador 0 0 0 0 2 2 3 1 0 1 0/0 26:10 8:49 1:13
Tyler Toffoli 0 0 0 0 2 1 1 0 0 0 10/19 20:03 6:24 0:00
3 Stars
1 - Frederik Andersen (LAK)
2 - Matt Cooke (Dal)
3 - Pascal Leclaire (Dal)
Power Play
Stars - 0 on 2 Attempt(s) - 0.00%
Kings - 1 on 8 Attempt(s) - 12.50%
Penalty Kill
Stars - 7 on 8 Attempt(s) - 87.50%
- Score 0 goal in Penalty Kill
Kings - 2 on 2 Attempt(s) - 100.00%
- Score 0 goal in Penalty Kill
Team Stat
Stars - Hits : 22 - Faceoff Wins : 28 - Blocked Shots : 21 - Penalty Minutes : 16
Kings - Hits : 21 - Faceoff Wins : 33 - Blocked Shots : 8 - Penalty Minutes : 4
Official
Referees : StLaurent Francois and Sutherland Kelly
Linesman : Pierre Racicot and Greg Devorski
Game Notes
No Game Note
Finance
Level 1 -- Attendance: 5649 (94.15%) -- Ticket Income $508,410
Level 2 -- Attendance: 3154 (63.08%) -- Ticket Income $205,010
Level 3 -- Attendance: 1393 (69.65%) -- Ticket Income $55,720
Level 4 -- Attendance: 2985 (74.63%) -- Ticket Income $89,550
Luxury Box -- Attendance: 1000 (100.00%) -- Ticket Income $145,000
Game was played at the Staples Center.
Total Attendance: 14181 (78.78%)
Total Ticket Income: $1,003,690
Other Income: $150,554
Total Income: $1,154,244
Stars
5 vs 5 Forward
Center Left Wing Right Wing Time % Phy DF OF
1 John Tavares Scott Hartnell Michael Grabner 39 0 2 3
2 Greg Campbell Jussi Jokinen Evgeny Artyukhin 27 0 2 3
3 Tyler Seguin Matt Cooke Daniel Cleary 20 1 2 2
4 Evgeny Grachev Dustin Penner Jamie Langenbrunner 14 1 2 2
5 vs 5 Defense
Defense Defense Time % Phy DF OF
1 Johnny Oduya Brian Lee 40 1 2 2
2 Trevor Daley Andrei Markov 30 1 2 2
3 Boris Valabik Drew Fata 30 1 2 2
4 Johnny Oduya Brian Lee 0 1 2 2
PowerPlay Forward
Center Left Wing Right Wing Time % Phy DF OF
1 John Tavares Jussi Jokinen Michael Grabner 60 0 1 4
2 Tyler Seguin Scott Hartnell Evgeny Artyukhin 40 0 1 4
PowerPlay Defense
Defense Defense Time % Phy DF OF
1 Johnny Oduya Brian Lee 60 0 2 3
2 Trevor Daley Andrei Markov 40 0 2 3
Penalty Kill 4 Players Forward
Center Wing Time % Phy DF OF
1 Greg Campbell Scott Hartnell 60 1 3 1
2 Evgeny Grachev Dustin Penner 40 1 3 1
Penalty Kill 4 Players Defense
Defense Defense Time % Phy DF OF
1 Brian Lee Drew Fata 60 0 3 2
2 Trevor Daley Andrei Markov 40 0 3 2
Penalty Kill - 3 Players Forward
Forward Time % Phy DF OF
1 Scott Hartnell 60 1 4 0
2 Greg Campbell 40 1 4 0
Penalty Kill - 3 Players Defense
Defense Defense Time % Phy DF OF
1 Johnny Oduya Brian Lee 60 1 4 0
2 Trevor Daley Andrei Markov 40 1 4 0
4 vs 4 Forward
Center Wing Time % Phy DF OF
1 Trevor Daley Scott Hartnell 60 1 2 2
2 Greg Campbell Matt Cooke 40 1 2 2
4 vs 4 Defense
Defense Defense Time % Phy DF OF
1 Johnny Oduya Brian Lee 60 1 2 2
2 Trevor Daley Andrei Markov 40 1 2 2
Last Minutes Offensive
Center Left Wing Right Wing Defense Defense
John Tavares Scott Hartnell Evgeny Artyukhin Trevor Daley Brian Lee
Last Minutes Defensive
Center Left Wing Right Wing Defense Defense
Greg Campbell Scott Hartnell Daniel Cleary Johnny Oduya Drew Fata
Goaltenders
Starting : Pascal Leclaire
Backup : Mike Brodeur
Extra Forwards
Normal : Matt Cooke, Dustin Penner, Jussi Jokinen - PP : Evgeny Artyukhin, Dustin Penner - PK : Evgeny Artyukhin
Extra Defensemen
Normal : Trevor Daley, Drew Fata, Brian Lee - PP : Drew Fata - PK : Johnny Oduya, Trevor Daley
Penalty Shots
John Tavares, Michael Grabner, Tyler Seguin, Greg Campbell, Evgeny Artyukhin
Scratches
Nathan Paetsch (Healthy)
Kings
5 vs 5 Forward
Center Left Wing Right Wing Time % Phy DF OF
1 Anze Kopitar Johnny Gaudreau Patric Hornqvist 40 0 1 4
2 Tyler Toffoli Simon Gagné Michael Frolik 35 0 1 4
3 Scott Gomez Rostislav Olesz Patrick Eaves 20 1 2 2
4 Michal Handzus Michael Haley Cam Janssen 5 3 2 0
5 vs 5 Defense
Defense Defense Time % Phy DF OF
1 Steve Montador Dave Tanabe 40 1 3 1
2 Drew Doughty Jon Merrill 35 0 3 2
3 Raphael Diaz Radko Gudas 25 1 3 1
4 Drew Doughty Jon Merrill 0 1 3 1
PowerPlay Forward
Center Left Wing Right Wing Time % Phy DF OF
1 Anze Kopitar Johnny Gaudreau Patric Hornqvist 60 1 2 2
2 Tyler Toffoli Rostislav Olesz Michael Frolik 40 1 2 2
PowerPlay Defense
Defense Defense Time % Phy DF OF
1 Steve Montador Drew Doughty 60 1 2 2
2 Dave Tanabe Raphael Diaz 40 1 2 2
Penalty Kill 4 Players Forward
Center Wing Time % Phy DF OF
1 Simon Gagné Scott Gomez 60 1 3 1
2 Michal Handzus Michael Haley 40 1 3 1
Penalty Kill 4 Players Defense
Defense Defense Time % Phy DF OF
1 Jon Merrill Steve Montador 60 1 4 0
2 Drew Doughty Radko Gudas 40 1 4 0
Penalty Kill - 3 Players Forward
Forward Time % Phy DF OF
1 Anze Kopitar 60 1 3 1
2 Michal Handzus 40 1 3 1
Penalty Kill - 3 Players Defense
Defense Defense Time % Phy DF OF
1 Jon Merrill Drew Doughty 60 1 4 0
2 Steve Montador Dave Tanabe 40 1 4 0
4 vs 4 Forward
Center Wing Time % Phy DF OF
1 Anze Kopitar Michael Frolik 60 1 2 2
2 Johnny Gaudreau Patric Hornqvist 40 1 2 2
4 vs 4 Defense
Defense Defense Time % Phy DF OF
1 Drew Doughty Jon Merrill 60 0 3 2
2 Steve Montador Dave Tanabe 40 0 3 2
Last Minutes Offensive
Center Left Wing Right Wing Defense Defense
Anze Kopitar Johnny Gaudreau Patric Hornqvist Drew Doughty Michael Frolik
Last Minutes Defensive
Center Left Wing Right Wing Defense Defense
Anze Kopitar Simon Gagné Michael Frolik Drew Doughty Jon Merrill
Goaltenders
Starting : Frederik Andersen
Backup : Dan Ellis
Extra Forwards
Normal : Anze Kopitar, Johnny Gaudreau, Patric Hornqvist - PP : Scott Gomez, Simon Gagné - PK : Anze Kopitar
Extra Defensemen
Normal : Drew Doughty, Radko Gudas, Steve Montador - PP : Jon Merrill - PK : Drew Doughty, Radko Gudas
Penalty Shots
Anze Kopitar, Michael Frolik, Patric Hornqvist, Simon Gagné, Michal Handzus
Scratches
None
% Time on Ice - Stars
Lines # - Real PCT - Wanted PCT - Time Play
Normal Forward
1 - 36% - 39% - 14:49
2 - 28% - 27% - 11:34
3 - 21% - 20% - 8:53
4 - 15% - 14% - 6:07
Normal Defense
1 - 36% - 40% - 15:05
2 - 35% - 30% - 14:25
3 - 29% - 30% - 11:53
4 - 0% - 0% - 0:00
PP Forward
1 - 55% - 60% - 2:10
2 - 45% - 40% - 1:48
PP Defense
1 - 61% - 60% - 2:26
2 - 39% - 40% - 1:32
PK Forward
1 - 69% - 60% - 10:03
2 - 31% - 40% - 4:36
PK Defense
1 - 60% - 60% - 8:47
2 - 40% - 40% - 5:52
PK3 Forward
1 - 0% - 60%
2 - 0% - 40%
PK3 Defense
1 - 0% - 60%
2 - 0% - 40%
44 Forward
1 - 86% - 60% - 4:19
2 - 14% - 40% - 0:41
44 Defense
1 - 60% - 60% - 3:01
2 - 40% - 40% - 1:59
Last Minute Offensive - 0:00
Last Minute Defensive - 0:00
Total
Forward - 65:00
Defense - 65:00
|
% Time on Ice - Kings
Lines # - Real PCT - Wanted PCT - Time Play
Normal Forward
1 - 34% - 40% - 14:16
2 - 31% - 35% - 12:44
3 - 18% - 20% - 7:39
4 - 16% - 5% - 6:44
Normal Defense
1 - 37% - 40% - 15:29
2 - 36% - 35% - 14:54
3 - 27% - 25% - 11:00
4 - 0% - 0% - 0:00
PP Forward
1 - 56% - 60% - 8:15
2 - 44% - 40% - 6:24
PP Defense
1 - 60% - 60% - 8:49
2 - 40% - 40% - 5:50
PK Forward
1 - 77% - 60% - 3:03
2 - 23% - 40% - 0:55
PK Defense
1 - 66% - 60% - 2:38
2 - 34% - 40% - 1:20
PK3 Forward
1 - 0% - 60%
2 - 0% - 40%
PK3 Defense
1 - 0% - 60%
2 - 0% - 40%
44 Forward
1 - 94% - 60% - 4:42
2 - 6% - 40% - 0:18
44 Defense
1 - 54% - 60% - 2:43
2 - 46% - 40% - 2:17
Last Minute Offensive - 0:00
Last Minute Defensive - 0:00
Total
Forward - 65:00
Defense - 65:00
|
Play by Play
1st period
0:01 of 1st period - Anze Kopitar wins face-off versus John Tavares in neutral zone.
0:27 of 1st period - Dave Tanabe is hit by Matt Cooke and loses puck.
0:40 of 1st period - Wrist shot by Johnny Gaudreau.
0:40 of 1st period - Stopped by Pascal Leclaire without a rebound.
0:41 of 1st period - Tyler Toffoli wins face-off versus Greg Campbell in Stars zone.
1:14 of 1st period - Wrist shot by Michal Handzus.
1:14 of 1st period - Stopped by Pascal Leclaire with a rebound.
1:26 of 1st period - Snap shot by Jussi Jokinen.
1:26 of 1st period - Stopped by Frederik Andersen without a rebound.
1:27 of 1st period - Scott Gomez wins face-off versus John Tavares in Kings zone.
1:27 of 1st period - Scott Gomez is hit by Michael Grabner.
1:49 of 1st period - Minor Penalty to Andrei Markov for Holding.
1:50 of 1st period - Greg Campbell wins face-off versus Patric Hornqvist in Stars zone.
2:17 of 1st period - Dustin Penner is hit by Steve Montador and loses puck.
3:49 of 1st period - Penalty to Andrei Markov is over, Andrei Markov is back on ice.
3:52 of 1st period - Boris Valabik is hit by Cam Janssen and loses puck.
3:59 of 1st period - Snap shot by Cam Janssen.
3:59 of 1st period - Shot Hit the Post.
4:05 of 1st period - Snap shot by Cam Janssen.
4:05 of 1st period - Shot Blocked by Trevor Daley.
4:54 of 1st period - Icing by Anze Kopitar.
4:55 of 1st period - Tyler Seguin wins face-off versus Patric Hornqvist in Kings zone.
4:58 of 1st period - Slapshot by Tyler Seguin.
4:58 of 1st period - Stopped by Frederik Andersen with a rebound.
5:10 of 1st period - Brian Lee is hit by Anze Kopitar and loses puck.
5:27 of 1st period - Jon Merrill is hit by Matt Cooke and loses puck.
5:34 of 1st period - Wrist shot by Brian Lee.
5:34 of 1st period - Stopped by Frederik Andersen without a rebound.
5:35 of 1st period - John Tavares wins face-off versus Tyler Toffoli in Kings zone.
5:44 of 1st period - Slapshot by Simon Gagné.
5:44 of 1st period - Shot Blocked by Michael Grabner.
5:46 of 1st period - Wrist shot by Michael Frolik.
5:46 of 1st period - Shot Blocked by Drew Fata.
6:00 of 1st period - Steve Montador is hit by Boris Valabik and loses puck.
6:25 of 1st period - Wrist shot by Michal Handzus.
6:25 of 1st period - Stopped by Pascal Leclaire with a rebound.
6:47 of 1st period - Snap shot by Scott Hartnell.
6:47 of 1st period - Deflect By John Tavares.
6:47 of 1st period - Shot Misses the Net.
6:47 of 1st period - Puck is out of play.
6:48 of 1st period - Tyler Toffoli wins face-off versus John Tavares in Kings zone.
7:32 of 1st period - Snap shot by Michael Frolik.
7:32 of 1st period - Shot Misses the Net.
7:34 of 1st period - Snap shot by Michael Frolik.
7:34 of 1st period - Shot Blocked by Brian Lee.
7:36 of 1st period - Backhand shot by Drew Doughty.
7:36 of 1st period - Stopped by Pascal Leclaire with a rebound.
7:38 of 1st period - Slapshot by Dave Tanabe.
7:38 of 1st period - Stopped by Pascal Leclaire without a rebound.
7:39 of 1st period - Greg Campbell wins face-off versus Anze Kopitar in Stars zone.
7:56 of 1st period - Snap shot by Anze Kopitar.
7:56 of 1st period - Shot Misses the Net.
8:06 of 1st period - Steve Montador is hit by Evgeny Grachev and loses puck.
8:25 of 1st period - Drew Doughty is hit by Tyler Seguin and loses puck.
8:51 of 1st period - Icing by Drew Fata.
8:52 of 1st period - Tyler Toffoli wins face-off versus Greg Campbell in Stars zone.
8:59 of 1st period - Snap shot by Simon Gagné.
8:59 of 1st period - Shot Misses the Net.
9:01 of 1st period - Slapshot by Michael Frolik.
9:01 of 1st period - Stopped by Pascal Leclaire with a rebound.
9:03 of 1st period - Slapshot by Dave Tanabe.
9:03 of 1st period - Stopped by Pascal Leclaire without a rebound.
9:04 of 1st period - Johnny Gaudreau wins face-off versus John Tavares in Stars zone.
9:05 of 1st period - Snap shot by Anze Kopitar.
9:05 of 1st period - Shot Misses the Net.
9:07 of 1st period - Minor Penalty to John Tavares for Hooking.
9:08 of 1st period - Anze Kopitar wins face-off versus Greg Campbell in Stars zone.
9:09 of 1st period - Snap shot by Johnny Gaudreau.
9:09 of 1st period - Stopped by Pascal Leclaire without a rebound.
9:10 of 1st period - Anze Kopitar wins face-off versus Greg Campbell in Stars zone.
9:46 of 1st period - Trevor Daley is hit by Rostislav Olesz.
9:55 of 1st period - Dustin Penner is hit by Anze Kopitar and loses puck.
10:51 of 1st period - Evgeny Artyukhin is hit by Johnny Gaudreau and loses puck.
11:06 of 1st period - Rostislav Olesz is hit by Tyler Seguin.
11:07 of 1st period - Penalty to John Tavares is over, John Tavares is back on ice.
11:43 of 1st period - Raphael Diaz is hit by Drew Fata and loses puck.
12:08 of 1st period - Slapshot by Matt Cooke.
12:08 of 1st period - Deflect By Tyler Seguin.
12:08 of 1st period - Shot Blocked by Patric Hornqvist.
12:08 of 1st period - Puck is out of play.
12:09 of 1st period - Tyler Seguin wins face-off versus Anze Kopitar in Kings zone.
12:20 of 1st period - Snap shot by Matt Cooke.
12:20 of 1st period - Stopped by Frederik Andersen without a rebound.
12:21 of 1st period - John Tavares wins face-off versus Scott Gomez in Kings zone.
12:30 of 1st period - Snap shot by John Tavares.
12:30 of 1st period - Stopped by Frederik Andersen without a rebound.
12:31 of 1st period - Anze Kopitar wins face-off versus Scott Hartnell in Kings zone.
12:31 of 1st period - Anze Kopitar is hit by Scott Hartnell.
12:37 of 1st period - Slapshot by Drew Doughty.
12:37 of 1st period - Shot Blocked by Brian Lee.
12:39 of 1st period - Slapshot by Patric Hornqvist.
12:39 of 1st period - Stopped by Pascal Leclaire with a rebound.
12:41 of 1st period - Slapshot by Drew Doughty.
12:41 of 1st period - Shot Misses the Net.
12:53 of 1st period - Minor Penalty to Johnny Oduya for Diving.
12:54 of 1st period - Anze Kopitar wins face-off versus Greg Campbell in Stars zone.
13:44 of 1st period - Evgeny Grachev is hit by Anze Kopitar.
14:45 of 1st period - Trevor Daley is hit by Patric Hornqvist and loses puck.
14:53 of 1st period - Penalty to Johnny Oduya is over, Johnny Oduya is back on ice.
15:29 of 1st period - Jon Merrill is hit by Matt Cooke and loses puck.
16:32 of 1st period - Wrist shot by John Tavares.
16:32 of 1st period - Stopped by Frederik Andersen without a rebound.
16:33 of 1st period - Anze Kopitar wins face-off versus John Tavares in Kings zone.
16:50 of 1st period - Snap shot by John Tavares.
16:50 of 1st period - Shot Misses the Net.
16:52 of 1st period - Slapshot by Jussi Jokinen.
16:52 of 1st period - Shot Misses the Net.
17:03 of 1st period - Icing by Anze Kopitar.
17:04 of 1st period - Evgeny Grachev wins face-off versus Anze Kopitar in Kings zone.
17:07 of 1st period - Snap shot by Evgeny Grachev.
17:07 of 1st period - Deflect By Dustin Penner.
17:07 of 1st period - Stopped by Frederik Andersen without a rebound.
17:08 of 1st period - Tyler Toffoli wins face-off versus Evgeny Grachev in Kings zone.
17:08 of 1st period - Tyler Toffoli is hit by Dustin Penner.
17:16 of 1st period - Wrist shot by Michael Frolik.
17:16 of 1st period - Shot Blocked by Jamie Langenbrunner.
17:51 of 1st period - Minor Penalty to Steve Montador for Holding.
17:52 of 1st period - John Tavares wins face-off versus Simon Gagné in Kings zone.
18:07 of 1st period - Snap shot by John Tavares.
18:07 of 1st period - Shot Misses the Net.
18:09 of 1st period - Snap shot by Michael Grabner.
18:09 of 1st period - Shot Misses the Net.
19:17 of 1st period - Brian Lee is hit by Radko Gudas and loses puck.
19:51 of 1st period - Penalty to Steve Montador is over, Steve Montador is back on ice.
Goals for this period are 0 for Stars vs 0 for Kings.
Shots for this period are 7 for Stars vs 9 for Kings.
2nd period
0:01 of 2nd period - John Tavares wins face-off versus Anze Kopitar in neutral zone.
1:23 of 2nd period - Snap shot by Evgeny Grachev.
1:23 of 2nd period - Shot Misses the Net.
2:31 of 2nd period - Snap shot by Evgeny Grachev.
2:31 of 2nd period - Stopped by Frederik Andersen with a rebound.
2:33 of 2nd period - Backhand shot by Dustin Penner.
2:33 of 2nd period - Shot Misses the Net.
2:35 of 2nd period - Slapshot by Brian Lee.
2:35 of 2nd period - Shot Misses the Net.
2:37 of 2nd period - Slapshot by Drew Fata.
2:37 of 2nd period - Stopped by Frederik Andersen without a rebound.
2:38 of 2nd period - John Tavares wins face-off versus Tyler Toffoli in Kings zone.
2:45 of 2nd period - Drew Doughty is hit by Scott Hartnell.
2:54 of 2nd period - Off-side.
2:55 of 2nd period - Greg Campbell wins face-off versus Anze Kopitar in neutral zone.
2:57 of 2nd period - Minor Penalty to Andrei Markov for Roughing.
2:58 of 2nd period - Anze Kopitar wins face-off versus Greg Campbell in Stars zone.
2:58 of 2nd period - Snap shot by Johnny Gaudreau.
2:58 of 2nd period - Stopped by Pascal Leclaire without a rebound.
2:59 of 2nd period - Anze Kopitar wins face-off versus Greg Campbell in Stars zone.
3:04 of 2nd period - Slapshot by Drew Doughty.
3:04 of 2nd period - Shot Misses the Net.
3:26 of 2nd period - Slapshot by Michael Frolik.
3:26 of 2nd period - Deflect By Rostislav Olesz.
3:26 of 2nd period - Shot Misses the Net.
3:26 of 2nd period - Puck is out of play.
3:27 of 2nd period - Tyler Toffoli wins face-off versus Evgeny Grachev in Stars zone.
4:16 of 2nd period - Wrist shot by Michael Frolik.
4:16 of 2nd period - Deflect By Rostislav Olesz.
4:16 of 2nd period - Shot Blocked by Drew Fata.
4:16 of 2nd period - Puck is out of play.
4:17 of 2nd period - Greg Campbell wins face-off versus Tyler Toffoli in Stars zone.
4:57 of 2nd period - Penalty to Andrei Markov is over, Andrei Markov is back on ice.
5:13 of 2nd period - Snap shot by Michal Handzus.
5:13 of 2nd period - Shot Blocked by Drew Fata.
6:21 of 2nd period - Slapshot by Matt Cooke.
6:21 of 2nd period - Shot Misses the Net.
6:23 of 2nd period - Slapshot by Matt Cooke.
6:23 of 2nd period - Goal by Matt Cooke - Stars : 1 - Kings : 0.
6:24 of 2nd period - Anze Kopitar wins face-off versus Greg Campbell in neutral zone.
6:33 of 2nd period - Snap shot by Johnny Gaudreau.
6:33 of 2nd period - Shot Misses the Net.
6:51 of 2nd period - Simon Gagné is hit by John Tavares and loses puck.
7:00 of 2nd period - Snap shot by Michael Frolik.
7:00 of 2nd period - Shot Blocked by Andrei Markov.
7:18 of 2nd period - Trevor Daley is hit by Rostislav Olesz and loses puck.
7:48 of 2nd period - Greg Campbell is hit by Johnny Gaudreau and loses puck.
9:28 of 2nd period - Snap shot by Johnny Gaudreau.
9:28 of 2nd period - Shot Blocked by Andrei Markov.
9:35 of 2nd period - Andrei Markov is hit by Radko Gudas and loses puck.
9:54 of 2nd period - Snap shot by Greg Campbell.
9:54 of 2nd period - Stopped by Frederik Andersen without a rebound.
9:55 of 2nd period - Tyler Toffoli wins face-off versus John Tavares in Kings zone.
10:01 of 2nd period - Off-side.
10:02 of 2nd period - John Tavares wins face-off versus Tyler Toffoli in neutral zone.
10:27 of 2nd period - Icing by Scott Hartnell.
10:28 of 2nd period - Scott Gomez wins face-off versus John Tavares in Stars zone.
10:41 of 2nd period - Snap shot by John Tavares.
10:41 of 2nd period - Stopped by Frederik Andersen with a rebound.
10:43 of 2nd period - Wrist shot by John Tavares.
10:43 of 2nd period - Shot Misses the Net.
10:45 of 2nd period - Snap shot by Michael Grabner.
10:45 of 2nd period - Stopped by Frederik Andersen with a rebound.
10:47 of 2nd period - Slapshot by Johnny Oduya.
10:47 of 2nd period - Shot Blocked by Drew Doughty.
10:49 of 2nd period - Snap shot by Brian Lee.
10:49 of 2nd period - Stopped by Frederik Andersen without a rebound.
10:50 of 2nd period - Tyler Seguin wins face-off versus Tyler Toffoli in Kings zone.
10:54 of 2nd period - Minor Penalty to Tyler Toffoli for Slashing.
10:55 of 2nd period - John Tavares wins face-off versus Simon Gagné in Kings zone.
10:55 of 2nd period - Wrist shot by Jussi Jokinen.
10:55 of 2nd period - Stopped by Frederik Andersen with a rebound.
10:57 of 2nd period - Wrist shot by Brian Lee.
10:57 of 2nd period - Stopped by Frederik Andersen with a rebound.
10:59 of 2nd period - Slapshot by Johnny Oduya.
10:59 of 2nd period - Shot Blocked by Simon Gagné.
11:25 of 2nd period - Wrist shot by Michael Grabner.
11:25 of 2nd period - Stopped by Frederik Andersen with a rebound.
11:27 of 2nd period - Snap shot by Michael Grabner.
11:27 of 2nd period - Stopped by Frederik Andersen without a rebound.
11:28 of 2nd period - John Tavares wins face-off versus Simon Gagné in Kings zone.
12:18 of 2nd period - Jon Merrill is hit by Johnny Oduya and loses puck.
12:54 of 2nd period - Penalty to Tyler Toffoli is over, Tyler Toffoli is back on ice.
13:57 of 2nd period - Icing by Drew Doughty.
13:58 of 2nd period - Anze Kopitar wins face-off versus John Tavares in Kings zone.
14:10 of 2nd period - Off-side.
14:11 of 2nd period - Tyler Toffoli wins face-off versus Greg Campbell in neutral zone.
14:16 of 2nd period - Slapshot by Steve Montador.
14:16 of 2nd period - Shot Blocked by Evgeny Artyukhin.
14:46 of 2nd period - Slapshot by Steve Montador.
14:46 of 2nd period - Shot Blocked by Johnny Oduya.
14:52 of 2nd period - Brian Lee is hit by Tyler Toffoli and loses puck.
15:01 of 2nd period - Snap shot by Jussi Jokinen.
15:01 of 2nd period - Shot Blocked by Steve Montador.
15:03 of 2nd period - Snap shot by Greg Campbell.
15:03 of 2nd period - Stopped by Frederik Andersen without a rebound.
15:04 of 2nd period - John Tavares wins face-off versus Anze Kopitar in Kings zone.
15:05 of 2nd period - Wrist shot by Scott Hartnell.
15:05 of 2nd period - Shot Misses the Net.
15:07 of 2nd period - Snap shot by Boris Valabik.
15:07 of 2nd period - Deflect By Patric Hornqvist.
15:07 of 2nd period - Stopped by Frederik Andersen without a rebound.
15:08 of 2nd period - Anze Kopitar wins face-off versus Scott Hartnell in Kings zone.
16:45 of 2nd period - Wrist shot by Patric Hornqvist.
16:45 of 2nd period - Deflect By Anze Kopitar.
16:45 of 2nd period - Stopped by Pascal Leclaire without a rebound.
16:46 of 2nd period - Anze Kopitar wins face-off versus John Tavares in Stars zone.
17:00 of 2nd period - Icing by Scott Hartnell.
17:01 of 2nd period - John Tavares wins face-off versus Tyler Toffoli in Stars zone.
17:14 of 2nd period - Snap shot by John Tavares.
17:14 of 2nd period - Shot Misses the Net.
18:27 of 2nd period - Off-side.
18:28 of 2nd period - Simon Gagné wins face-off versus John Tavares in neutral zone.
19:18 of 2nd period - Wrist shot by Rostislav Olesz.
19:18 of 2nd period - Shot Blocked by Andrei Markov.
19:54 of 2nd period - Wrist shot by Cam Janssen.
19:54 of 2nd period - Shot Misses the Net.
Goals for this period are 1 for Stars vs 0 for Kings.
Shots for this period are 13 for Stars vs 2 for Kings.
3rd period
0:01 of 3rd period - Michael Frolik wins face-off versus John Tavares in neutral zone.
1:13 of 3rd period - Wrist shot by Patrick Eaves.
1:13 of 3rd period - Stopped by Pascal Leclaire without a rebound.
1:14 of 3rd period - Evgeny Grachev wins face-off versus Michal Handzus in Stars zone.
1:34 of 3rd period - Wrist shot by Evgeny Grachev.
1:34 of 3rd period - Stopped by Frederik Andersen without a rebound.
1:35 of 3rd period - Anze Kopitar wins face-off versus Michael Grabner in Kings zone.
1:42 of 3rd period - Wrist shot by John Tavares.
1:42 of 3rd period - Shot Blocked by Patric Hornqvist.
1:44 of 3rd period - Slapshot by Johnny Oduya.
1:44 of 3rd period - Shot Misses the Net.
1:46 of 3rd period - Wrist shot by Scott Hartnell.
1:46 of 3rd period - Shot Misses the Net.
1:48 of 3rd period - Slapshot by Brian Lee.
1:48 of 3rd period - Shot Misses the Net.
1:50 of 3rd period - Snap shot by Scott Hartnell.
1:50 of 3rd period - Stopped by Frederik Andersen without a rebound.
1:51 of 3rd period - Tyler Seguin wins face-off versus Tyler Toffoli in Kings zone.
1:58 of 3rd period - Snap shot by Matt Cooke.
1:58 of 3rd period - Shot Blocked by Simon Gagné.
2:00 of 3rd period - Slapshot by Brian Lee.
2:00 of 3rd period - Shot Blocked by Jon Merrill.
2:15 of 3rd period - Minor Penalty to Johnny Oduya for Slashing.
2:16 of 3rd period - Anze Kopitar wins face-off versus Greg Campbell in Stars zone.
2:24 of 3rd period - Wrist shot by Patric Hornqvist.
2:24 of 3rd period - Shot Blocked by Drew Fata.
2:26 of 3rd period - Snap shot by Johnny Gaudreau.
2:26 of 3rd period - Shot Blocked by Drew Fata.
2:28 of 3rd period - Snap shot by Patric Hornqvist.
2:28 of 3rd period - Stopped by Pascal Leclaire with a rebound.
2:42 of 3rd period - Scott Hartnell is hit by Steve Montador and loses puck.
3:01 of 3rd period - Slapshot by Drew Doughty.
3:01 of 3rd period - Goal by Drew Doughty - Stars : 1 - Kings : 1.
3:02 of 3rd period - Tyler Toffoli wins face-off versus Michael Grabner in neutral zone.
4:32 of 3rd period - Snap shot by Dave Tanabe.
4:32 of 3rd period - Deflect By Michal Handzus.
4:32 of 3rd period - Shot Misses the Net.
4:32 of 3rd period - Puck is out of play.
4:33 of 3rd period - Anze Kopitar wins face-off versus John Tavares in Stars zone.
4:46 of 3rd period - Wrist shot by Anze Kopitar.
4:46 of 3rd period - Shot Blocked by John Tavares.
5:02 of 3rd period - Slapshot by Tyler Toffoli.
5:02 of 3rd period - Stopped by Pascal Leclaire without a rebound.
5:03 of 3rd period - Greg Campbell wins face-off versus Tyler Toffoli in Stars zone.
5:03 of 3rd period - Greg Campbell is hit by Simon Gagné.
5:09 of 3rd period - Wrist shot by Jussi Jokinen.
5:09 of 3rd period - Stopped by Frederik Andersen with a rebound.
5:14 of 3rd period - Drew Doughty is hit by Brian Lee and loses puck.
5:19 of 3rd period - Snap shot by Michael Frolik.
5:19 of 3rd period - Shot Blocked by Brian Lee.
5:36 of 3rd period - Slapshot by Dave Tanabe.
5:36 of 3rd period - Stopped by Pascal Leclaire without a rebound.
5:37 of 3rd period - John Tavares wins face-off versus Anze Kopitar in Stars zone.
5:48 of 3rd period - Snap shot by Anze Kopitar.
5:48 of 3rd period - Shot Blocked by Boris Valabik.
5:50 of 3rd period - Minor Penalty to Michael Grabner for High sticking.
5:51 of 3rd period - Greg Campbell wins face-off versus Anze Kopitar in Stars zone.
5:51 of 3rd period - Greg Campbell is hit by Anze Kopitar.
6:01 of 3rd period - Slapshot by Drew Doughty.
6:01 of 3rd period - Stopped by Pascal Leclaire with a rebound.
6:23 of 3rd period - Slapshot by Steve Montador.
6:23 of 3rd period - Shot Misses the Net.
6:25 of 3rd period - Slapshot by Drew Doughty.
6:25 of 3rd period - Shot Blocked by Evgeny Grachev.
6:27 of 3rd period - Slapshot by Steve Montador.
6:27 of 3rd period - Shot Misses the Net.
7:50 of 3rd period - Penalty to Michael Grabner is over, Michael Grabner is back on ice.
9:07 of 3rd period - John Tavares is hit by Jon Merrill and loses puck.
9:31 of 3rd period - Steve Montador is hit by Drew Fata and loses puck.
9:48 of 3rd period - Snap shot by Jussi Jokinen.
9:48 of 3rd period - Stopped by Frederik Andersen with a rebound.
9:50 of 3rd period - Slapshot by Drew Fata.
9:50 of 3rd period - Stopped by Frederik Andersen with a rebound.
10:00 of 3rd period - Anze Kopitar is hit by Dustin Penner and loses puck.
11:13 of 3rd period - Snap shot by Michal Handzus.
11:13 of 3rd period - Deflect By Michael Haley.
11:13 of 3rd period - Shot Misses the Net.
11:13 of 3rd period - Puck is out of play.
11:14 of 3rd period - Scott Hartnell wins face-off versus Michal Handzus in Stars zone.
12:04 of 3rd period - Snap shot by Matt Cooke.
12:04 of 3rd period - Shot Misses the Net.
12:06 of 3rd period - Slapshot by Tyler Seguin.
12:06 of 3rd period - Shot Misses the Net.
12:16 of 3rd period - Rostislav Olesz is hit by Evgeny Grachev and loses puck.
12:35 of 3rd period - Slapshot by Drew Doughty.
12:35 of 3rd period - Deflect By Simon Gagné.
12:35 of 3rd period - Shot Misses the Net.
12:35 of 3rd period - Puck is out of play.
12:36 of 3rd period - Tyler Toffoli wins face-off versus John Tavares in Stars zone.
12:45 of 3rd period - Wrist shot by Michael Frolik.
12:45 of 3rd period - Shot Blocked by Boris Valabik.
12:51 of 3rd period - Slapshot by Tyler Toffoli.
12:51 of 3rd period - Shot Misses the Net.
12:57 of 3rd period - Minor Penalty to Drew Fata for Holding.
12:58 of 3rd period - Greg Campbell wins face-off versus Anze Kopitar in Stars zone.
13:14 of 3rd period - Slapshot by Steve Montador.
13:14 of 3rd period - Deflect By Johnny Oduya.
13:14 of 3rd period - Stopped by Pascal Leclaire without a rebound.
13:15 of 3rd period - Patric Hornqvist wins face-off versus Greg Campbell in Stars zone.
13:20 of 3rd period - Slapshot by Drew Doughty.
13:20 of 3rd period - Stopped by Pascal Leclaire without a rebound.
13:21 of 3rd period - Greg Campbell wins face-off versus Anze Kopitar in Stars zone.
13:34 of 3rd period - Greg Campbell is hit by Patric Hornqvist and loses puck.
14:09 of 3rd period - Icing by Anze Kopitar.
14:10 of 3rd period - Anze Kopitar wins face-off versus Evgeny Grachev in Kings zone.
14:37 of 3rd period - Scott Hartnell is hit by Raphael Diaz.
14:49 of 3rd period - Slapshot by Raphael Diaz.
14:49 of 3rd period - Stopped by Pascal Leclaire with a rebound.
14:57 of 3rd period - Penalty to Drew Fata is over, Drew Fata is back on ice.
14:59 of 3rd period - Slapshot by Scott Hartnell.
14:59 of 3rd period - Stopped by Frederik Andersen with a rebound.
15:01 of 3rd period - Slapshot by Drew Fata.
15:01 of 3rd period - Shot Misses the Net.
15:03 of 3rd period - Slapshot by Trevor Daley.
15:03 of 3rd period - Shot Misses the Net.
15:05 of 3rd period - Slapshot by Andrei Markov.
15:05 of 3rd period - Deflect By Greg Campbell.
15:05 of 3rd period - Stopped by Frederik Andersen without a rebound.
15:06 of 3rd period - Tyler Toffoli wins face-off versus Matt Cooke in Kings zone.
15:21 of 3rd period - Minor Penalty to Matt Cooke for Holding.
15:22 of 3rd period - Anze Kopitar wins face-off versus Greg Campbell in Stars zone.
15:23 of 3rd period - Slapshot by Johnny Gaudreau.
15:23 of 3rd period - Shot Misses the Net.
15:25 of 3rd period - Snap shot by Patric Hornqvist.
15:25 of 3rd period - Shot Misses the Net.
15:27 of 3rd period - Slapshot by Steve Montador.
15:27 of 3rd period - Stopped by Pascal Leclaire with a rebound.
15:59 of 3rd period - Snap shot by Michael Frolik.
15:59 of 3rd period - Shot Blocked by Evgeny Grachev.
16:53 of 3rd period - Steve Montador is hit by Dustin Penner and loses puck.
17:21 of 3rd period - Penalty to Matt Cooke is over, Matt Cooke is back on ice.
17:33 of 3rd period - Michael Haley is hit by Matt Cooke and loses puck.
18:09 of 3rd period - Snap shot by Jussi Jokinen.
18:09 of 3rd period - Stopped by Frederik Andersen with a rebound.
19:47 of 3rd period - Snap shot by Daniel Cleary.
19:47 of 3rd period - Stopped by Frederik Andersen with a rebound.
19:49 of 3rd period - Slapshot by Brian Lee.
19:49 of 3rd period - Shot Misses the Net.
Goals for this period are 0 for Stars vs 1 for Kings.
Shots for this period are 9 for Stars vs 10 for Kings.
Overtime #1
0:01 of 1st overtime period - Trevor Daley wins face-off versus Anze Kopitar in neutral zone.
0:43 of 1st overtime period - Drew Fata is hit by Steve Montador and loses puck.
0:50 of 1st overtime period - Dave Tanabe is hit by Matt Cooke and loses puck.
1:11 of 1st overtime period - Snap shot by Dustin Penner.
1:11 of 1st overtime period - Shot Hit the Post.
1:13 of 1st overtime period - Snap shot by Jussi Jokinen.
1:13 of 1st overtime period - Shot Blocked by Dave Tanabe.
1:15 of 1st overtime period - Slapshot by Andrei Markov.
1:15 of 1st overtime period - Shot Misses the Net.
1:31 of 1st overtime period - Jon Merrill is hit by Johnny Oduya and loses puck.
1:52 of 1st overtime period - Johnny Oduya is hit by Patric Hornqvist and loses puck.
1:57 of 1st overtime period - Slapshot by Drew Doughty.
1:57 of 1st overtime period - Shot Misses the Net.
4:36 of 1st overtime period - Icing by Tyler Toffoli.
4:37 of 1st overtime period - Greg Campbell wins face-off versus Tyler Toffoli in Kings zone.
4:59 of 1st overtime period - Snap shot by Matt Cooke.
4:59 of 1st overtime period - Stopped by Frederik Andersen with a rebound.
Goals for this period are 0 for Stars vs 0 for Kings.
Shots for this period are 1 for Stars vs 0 for Kings.
ShootOut
5:00 of 1st overtime period - Penalty Shot by John Tavares for Stars.
5:00 of 1st overtime period - Wrist shot by John Tavares.
5:00 of 1st overtime period - Goal by John Tavares.
5:00 of 1st overtime period - Penalty Shot by Anze Kopitar for Kings.
5:00 of 1st overtime period - Snap shot by Anze Kopitar.
5:00 of 1st overtime period - Stopped by Pascal Leclaire.
5:00 of 1st overtime period - Penalty Shot by Michael Grabner for Stars.
5:00 of 1st overtime period - Wrist shot by Michael Grabner.
5:00 of 1st overtime period - Goal by Michael Grabner.
5:00 of 1st overtime period - Penalty Shot by Michael Frolik for Kings.
5:00 of 1st overtime period - Deke by Michael Frolik.
5:00 of 1st overtime period - Stopped by Pascal Leclaire.
Back to the Top